 Dungeon Crawl Stone Soup version 0.22-a0-601-gb0ed703 (webtiles) character file.

266 sking99 the Insei (level 6, 39/39 HPs)
             Began as an Octopode Transmuter on July 6, 2018.
             Was an Initiate of Gozag.
             Starved to death
             ... on level 4 of the Dungeon.
             The game lasted 00:07:48 (4101 turns).

sking99 the Insei (Octopode Transmuter)             Turns: 4101, Time: 00:07:48

Health: 39/39      AC:  1    Str:  9    XL:     6   Next: 20%
Magic:  10/10      EV: 13    Int: 16    God:    Gozag
Gold:   335        SH:  0    Dex: 14    Spells: 4/10 levels left

rFire    . . .     SeeInvis .     - Unarmed
rCold    . . .     Gourm    .   (no shield)
rNeg     . . .     Faith    .   (helmet restricted)
rPois    .         Spirit   .   (no amulet)
rElec    .         Reflect  .   (no ring)
rCorr    .         Harm     .   (no ring)
MR       .....                  (no ring)
Stlth    ++........             (no ring)
HPRegen  0.13/turn              (no ring)
MPRegen  0.12/turn              (no ring)
                                (no ring)
                                (no ring)

@: fainting
A: almost no armour, stealthy swim, amphibious, 8 rings, constrict 8, camouflage
1, gelatinous body 1
a: Potion Petition, Call Merchant, Bribe Branch, Renounce Religion


You were on level 4 of the Dungeon.
You worshipped Gozag.
Gozag was aware of your devotion.
You were fainting.

You visited 1 branch of the dungeon, and saw 4 of its levels.

You collected 362 gold pieces.
You paid 27 gold pieces to Gozag.

Inventory:

Missiles
 a - 36 arrows
Jewellery
 f - a +5 ring of dexterity {unknown}
 i - an uncursed amulet of guardian spirit {unknown}
Wands
 p - a wand of digging (21)
Scrolls
 b - 5 scrolls of identify {unknown}
 d - a scroll of blinking {unknown}
 h - 2 scrolls of remove curse {unknown}
 l - a scroll of fear {unknown}
 m - a scroll of noise {unknown}
 n - 3 scrolls of random uselessness {unknown}
 o - 2 scrolls of immolation {unknown}
Potions
 c - a potion of degeneration {unknown}
 e - a potion of agility {unknown}
 g - a potion of might {unknown}
 j - a potion of berserk rage {unknown}
 k - 2 potions of heal wounds {unknown}


   Skills:
 - Level 1.7 Fighting
 - Level 2.0 Dodging
 * Level 5.1 Unarmed Combat
 + Level 2.9 Spellcasting
 + Level 3.0 Transmutations
 - Level 2.0 Poison Magic


You had 4 spell levels left.
You knew the following spells:

 Your Spells              Type           Power        Failure   Level  Hunger
a - Beastly Appendage     Tmut           ##....       5%          1    #......
b - Sticks to Snakes      Tmut           ##......     9%          2    ##.....
c - Spider Form           Tmut/Pois      ##........   21%         3    ###....

Your spell library contained the following spells:

 Spells                   Type           Power        Failure   Level  Hunger
 Blade Hands              Tmut           ##........   83%         5    ######.
 Ice Form                 Ice/Tmut       #.......     69%         4    #####..


Dungeon Overview and Level Annotations

Branches:
Dungeon (4/15)
 Temple: D:4-7

Altars:
Dithmenos
Gozag
Trog
Zin


Innate Abilities, Weirdness & Mutations

You cannot wear most types of armour.
You are very stealthy in the water. (Stealth+)
You are amphibious.
You can wear up to eight rings at the same time.
You can use your tentacles to constrict eight enemies at once.
Your skin changes colour to match your surroundings (Stealth+).
Your rubbery body absorbs attacks. (AC +1, EV +1)


Message History

Things that are here:
a ring mail; a club You are fainting from starvation!
You aren't carrying any food.
Okay, then.
Found a bloodstained altar of Trog.
You lose consciousness!
You can move again.
You lose consciousness!
You can move again.
You see here a ring mail.
You see here 18 stones.
There is a stone staircase leading down here.
You climb downwards.
Found a twisted bone wand.
There is a stone staircase leading up here.
p - a wand of digging (21)
You have starved to death.
You die...
Your body crumbles into a pile of gold.

# #.########
#..@.....#
########.#
#........# #
#.######## #
#.#........#..#
#.########.#.#
#............#
............##
##........#


There were no monsters in sight!

Vanquished Creatures
  A hound (D:3)
  An orc wizard (D:3)
  An orc priest (D:3)
  6 gnolls
  3 adders
  2 oozes
  2 worms (D:3)
  3 dart slugs
  4 leopard geckos
  4 orcs (D:3)
  2 ball pythons (D:2)
  6 bats
  2 giant cockroaches
  9 goblins
  10 hobgoblins
  A quokka (D:3)
  A frilled lizard (D:1)
  5 kobolds
  6 rats
69 creatures vanquished.

Notes
Turn   | Place    | Note
-------+----------+-------------------------------------------
     0 | D:1      | sking99 the Octopode Transmuter began the quest for the Orb.
     0 | D:1      | Reached XP level 1. HP: 13/13 MP: 3/3
   348 | D:1      | Reached XP level 2. HP: 18/18 MP: 1/5
   604 | D:1      | You fall through a shaft!
   767 | D:1      | Reached XP level 3. HP: 24/24 MP: 4/6
   962 | D:1      | Learned a level 2 spell: Sticks to Snakes
   966 | D:1      | Learned a level 3 spell: Spider Form
  1177 | D:2      | Reached skill level 4 in Unarmed Combat
  1257 | D:2      | Found a shadowy altar of Dithmenos.
  1292 | D:2      | Reached XP level 4. HP: 28/29 MP: 5/7
  1318 | D:2      | Reached skill level 1 in Poison Magic
  1330 | D:2      | Found an opulent altar of Gozag.
  1571 | D:2      | Became a worshipper of Gozag Ym Sagoz the Greedy
  2876 | D:3      | Reached XP level 5. HP: 34/34 MP: 4/8
  3463 | D:3      | Found a glowing silver altar of Zin.
  3689 | D:3      | Reached skill level 5 in Unarmed Combat
  3689 | D:3      | Reached XP level 6. HP: 13/39 MP: 0/10
  3995 | D:3      | Found a bloodstained altar of Trog.
  4004 | D:3      | Paralysed by fainting for 9 turns
  4032 | D:3      | Paralysed by fainting for 12 turns
  4101 | D:4      | Starved to death

Vault maps used:
D:1:      lightli_arrival_statuegarden
D:2:      nicolae_gozag_seed_capital, nicolae_dithmenos_shadow_blocks,
          minmay_quantized
D:3:      nicolae_overflow_hidden_temple, old_standard_altar, first_ration
D:4:      minmay_temple_entry_enclosed_plants, minivault_27,
          minmay_tree_intersection

Skill      XL: |  1  2  3  4  5  6 |
---------------+-------------------+-----
Unarmed Combat | 4 5 |  5.1
Poison Magic   | 1 2 |  2.0
Transmutations | 3 |  3.0
Fighting       | |  1.7
Dodging        | |  2.0
Spellcasting   | |  2.9

Action                   |  1- 3 |  4- 6 || total
-------------------------+-------+-------++-------
Melee: Unarmed           |    67 |   107 ||   174
       Constrict         |    20 |    22 ||    42
       Kick              |    17 |     3 ||    20
       Tentacles         |     6 |    14 ||    20
       Punch             |     1 |     2 ||     3
 Cast: Beastly Appendage |    17 |     4 ||    21
       Spider Form       |       |     8 ||     8
 Stab: Sleeping          |    11 |     3 ||    14
       Distracted        |       |     1 ||     1
  Eat: Chunk             |     2 |       ||     2
       Ration            |       |     2 ||     2
Armor: Skin              |     2 |     8 ||    10
Dodge: Dodged            |    34 |    77 ||   111

Table legend:
 A = Spawn XP
 B = Non-spawn XP
 C = Spawn XP percentage of total XP
 D = Spawn monster count
 E = Non-spawn monster count
 F = Spawn count percentage of total count
 G = Total turns spent on level
                    A         B        C        D         E        F      G
               +---------+---------+-------+---------+---------+-------+---------
         Total |       0 |     381 |   0.0 |       0 |      69 |   0.0 |  4101
               +---------+---------+-------+---------+---------+-------+---------
           D:1 |       0 |      39 |   0.0 |       0 |      18 |   0.0 |  1338
           D:2 |       0 |     117 |   0.0 |       0 |      29 |   0.0 |  1509
           D:3 |       0 |     225 |   0.0 |       0 |      22 |   0.0 |  1224
               +---------+---------+-------+---------+---------+-------+---------
